 Dungeon Crawl Stone Soup version 0.30-a0-390-g80c34de65d (webtiles) character file.

Game seed: 10915997319654002640

96 arthad the Insei (level 4, -6/29 HPs)
             Began as an Octopode Transmuter on Dec 4, 2022.
             Mangled by a gnoll
             ... wielding a +0 halberd
              (15 damage)
             ... on level 2 of the Dungeon.
             The game lasted 00:05:19 (1061 turns).

arthad the Insei (Octopode Transmuter)              Turns: 1061, Time: 00:05:19

Health: -6/29      AC:  1    Str:  9    XL:     4   Next: 67%
Magic:  5/7        EV:  7    Int: 17    God:
Gold:   42         SH:  0    Dex: 12    Spells: 5/8 levels left

rFire   . . .      SeeInvis .      - Unarmed
rCold   . . .      Faith    .    (no shield)
rNeg    . . .      Spirit   .    (helmet currently unavailable)
rPois   .          Reflect  .    (no amulet)
rElec   .          Harm     .    (no ring)
rCorr   .          Rampage  .    (no ring)
Will    .....                    (no ring)
Stlth   +++.......               (no ring)
HPRegen 0.24/turn                (no ring)
MPRegen 0.10/turn                (no ring)
                                 (no ring)
                                 (no ring)

@: appendages, wereblooded, held
A: tentacle spike 3, almost no armour, amphibious, 8 rings, camouflage 1,
gelatinous body 1, (nimble swimmer 1), tentacles
a: End Transformation


You were on level 2 of the Dungeon.
One of your tentacles had grown a beastly spike.
You visited 1 branch of the dungeon, and saw 2 of its levels.

You collected 42 gold pieces.

Inventory:

Magical Staves
 g - a staff of air
Jewellery
 d - a ring of ice
Scrolls
 b - a scroll of enchant armour {unknown}
 e - a scroll of amnesia {unknown}
 i - a scroll of silence {unknown}
 j - a scroll of torment {unknown}
 k - a scroll of fear {unknown}
Potions
 a - a potion of lignification
 c - a potion of berserk rage {unknown}
 f - 2 potions of mutation {unknown}
 h - 2 potions of curing


   Skills:
 + Level 1.8 Fighting
 + Level 2.6 Dodging
 + Level 2.1 Stealth
 + Level 3.4 Unarmed Combat
 + Level 2.5 Spellcasting
 + Level 2.6 Transmutations


You had 5 spell levels left.
You knew the following spells:

 Your Spells              Type           Power      Damage    Failure   Level
a - Beastly Appendage     Tmut           22%        N/A       6%          1
b - Wereblood             Tmut           11%        N/A       10%         2

Your spell library contained the following spells:

 Spells                   Type           Power      Damage    Failure   Level
 Spider Form              Tmut/Pois      6%         N/A       32%         3
 Ice Form                 Ice/Tmut       6%         N/A       71%         4


Dungeon Overview and Level Annotations

Branches:
Dungeon (2/15)

Altars:

Shops:
D:2 ?*


Innate Abilities, Weirdness & Mutations

One of your tentacles has grown a beastly spike.
You cannot wear most types of armour.
You are amphibious.
You can wear up to eight rings at the same time.
Your skin changes colour to match your surroundings (Stealth+).
Your rubbery body absorbs attacks. (AC +1, EV +1)
((You are camouflaged when in or above water. (Stealth+)))
You have tentacles for arms and can constrict up to eight enemies at once.


Message History

You tentacle-slap the gnoll. You grab the gnoll.
You pierce the gnoll, but do no damage.
The gnoll is moderately wounded.
You constrict the gnoll, but do no damage.
The gnoll hits you with a +0 flail.
You tentacle-slap the gnoll.
You pierce the gnoll, but do no damage.
The gnoll is moderately wounded.
You constrict the gnoll, but do no damage.
The gnoll hits you with a +0 flail.
You tentacle-slap the gnoll.
You pierce the gnoll.
You squeeze the gnoll.
You feel a bit better.
You kill the gnoll!
Things that are here:
a +0 flail; 17 gold pieces You tentacle-slap the gnoll.
You grab the gnoll.
You squeeze the gnoll, but do no damage.
The gnoll is moderately wounded.
You howl as the wereblood boils in your veins!
You constrict the gnoll.
The gnoll hits you from afar with a +0 halberd!
The gnoll hits you with a +0 spear!
It was a potion of curing.
You feel better.
You constrict the gnoll, but do no damage.
The gnoll barely misses you. The gnoll closely misses you.
You tentacle-slap the gnoll but do no damage.
You pierce the gnoll.
The gnoll is severely wounded.
You howl as the wereblood boils in your veins!
You constrict the gnoll. The gnoll barely misses you. The gnoll misses you.
You tentacle-slap the gnoll but do no damage.
You pierce the gnoll.
You feel a bit better.
You kill the gnoll!
You howl as the wereblood boils in your veins!
The gnoll hits you from afar with a +0 halberd!
The gnoll throws a throwing net.
The throwing net hits you.
You become entangled in the net!
You struggle against the net.
The gnoll hits you from afar with a +0 halberd!
Ouch! That really hurt!
You die...

........# .....
........#####....
..............>#
###.#.........[.#
##.......#<....#.### . #.
#.........#.....#
....##.####..##..........
........@)gK....#...###..
....######g.#+#......####
. #...+ +...#......
<.8...# #....##.[.#
####K##..##........#
...∩...$.###.....
..g......)........
...................
K............#....†.


You could see 2 gnolls and a kobold.

Vanquished Creatures
  Jessica (D:2)
  4 gnolls
  6 endoplasms (D:1)
  2 giant cockroaches
  2 jackals (D:1)
  4 quokkas
  4 ball pythons
  3 bats (D:1)
  2 frilled lizards
  3 kobolds
31 creatures vanquished.

Notes
Turn   | Place    | Note
-------+----------+-------------------------------------------
     0 | D:1      | arthad the Octopode Transmuter began the quest for the Orb.
     0 | D:1      | Reached XP level 1. HP: 13/13 MP: 3/3
   210 | D:1      | Reached XP level 2. HP: 16/18 MP: 3/5
   251 | D:1      | Learned a level 2 spell: Wereblood
   376 | D:1      | Reached skill level 1 in Stealth
   376 | D:1      | Reached XP level 3. HP: 23/23 MP: 2/6
   886 | D:2      | Found Manes's General Store.
   964 | D:2      | Found Qecs's Antique Armour Boutique.
  1007 | D:2      | Noticed Jessica
  1008 | D:2      | Found Irahok's Magic Scroll Shop.
  1013 | D:2      | Killed Jessica
  1014 | D:2      | Reached XP level 4. HP: 29/29 MP: 5/7
  1061 | D:2      | Mangled by a gnoll

Illustrated notes

Levels and vault maps discovered:
D:1:      erik_arrival_triangle_small, layout_loops_ring
D:2:      layout_rooms, serial_shops, shop, nicolae_shop_stone, shop,
          nicolae_shop_behind_doors, shop_statue, uniq_jessica

Skill      XL: |  1  2  3  4 |
---------------+-------------+-----
Stealth        | 1 2 |  2.1
Fighting       | |  1.8
Dodging        | |  2.6
Unarmed Combat | |  3.4
Spellcasting   | |  2.5
Transmutations | |  2.6

Action                   |  1- 3 |  4- 6 || total
-------------------------+-------+-------++-------
Melee: Unarmed           |    64 |     9 ||    73
       Constrict         |    14 |     4 ||    18
       Tentacles         |    15 |     2 ||    17
       Kick              |    10 |     6 ||    16
       Punch             |     1 |       ||     1
 Cast: Beastly Appendage |     9 |     2 ||    11
       Wereblood         |     2 |     1 ||     3
  Use: Potion            |       |     1 ||     1
 Stab: Sleeping          |     6 |       ||     6
Armor: Skin              |     5 |     1 ||     6
Dodge: Dodged            |    38 |    13 ||    51

Table legend: (Time is in decaauts)
 A = Elapsed time spent in this place.
 B = Non-inter-level travel time spent in this place.
 C = Inter-level travel time spent in this place.
 D = Time resting spent in this place.
 E = Time spent auto-exploring this place.
 F = Levels seen in this place.
 G = Mean time per level.
                   A        B        C        D        E       F      G
               +--------+--------+--------+--------+--------+-----+--------+
         Total |   1056 |   1039 |     17 |     20 |    719 |   2 |  528.0 |
       Dungeon |   1056 |   1039 |     17 |     20 |    719 |   2 |  528.0 |
               +--------+--------+--------+--------+--------+-----+--------+

Top non-repeatable levels by time:
     D:1: 868 daAuts
     D:2: 188 daAuts
